 Dungeon Crawl Stone Soup version 0.30.0-29-ga12c61a403 (webtiles) character file.

Game seed: 13906719406509587306

95074 seaoflcl the Carver (level 16, -11/127 HPs)
             Began as a Human Fighter on June 5, 2023.
             Was the Champion of Okawaru.
             Mangled by a merfolk
             ... wielding a +0 trident
             ... led by a merfolk aquamancer
              (14 damage)
             ... on level 4 of the Shoals.
             The game lasted 01:49:14 (24167 turns).

seaoflcl the Carver (Human Fighter)                Turns: 24167, Time: 01:49:16

Health: -11/127    AC: 38    Str: 31    XL:     16   Next: 62%
Magic:  16/16      EV: 13    Int: 12    God:    Okawaru [******]
Gold:   1913       SH: 14    Dex: 14    Spells: 15/15 levels left

rFire   + + +        o - +7 war axe (flame)
rCold   . . .        k - +2 buckler {rF+}
rNeg    . . .        w - +12 chain mail of the Hot Ocelot {Will+ Slay+2 SInv}
rPois   +            c - +3 helmet of Hairy Happiness {*Corrode rPois Int+3 Stlth+}
rElec   .            f - +2 cloak {Will+}
rCorr   .            Q - +2 pair of gloves of Wasted Space {Harm Regen+ Str+2 SInv}
SInv    +            O - +1 pair of boots of Kukhloet {Contam rF++ Will++}
Will    +++++        y - amulet of reflection Stlth
                     t - +6 ring of strength
HPRegen 1.21/turn    M - +4 ring of protection
MPRegen 0.15/turn

%: corrode self (3%), harm (+30% outgoing, +20% incoming), reflection
@: corroded
A: no striking features
a: Renounce Religion, Heroism, Finesse, Duel


You were on level 4 of the Shoals.
You worshipped Okawaru.
Okawaru was exalted by your worship.
You visited 3 branches of the dungeon, and saw 22 of its levels.
You also visited: Ossuary and Gauntlet.

You collected 1913 gold pieces.

Inventory:

Hand Weapons
 b - a +3 long sword of holy wrath
 e - a +2 heavy hand axe
 m - a +3 scimitar of freezing
 o - a +7 war axe of flaming (weapon)
 K - a +4 hand axe
Missiles
 x - 4 datura-tipped darts (quivered)
 J - 22 poisoned darts
 R - 3 atropa-tipped darts
 S - a curare-tipped dart
 V - 5 javelins
 Z - 3 silver javelins
Armour
 c - the +3 helmet of Hairy Happiness (worn) {*Corrode rPois Int+3 Stlth+}
   (Okawaru gifted it to you on level 4 of the Shoals)

   Int:       It affects your intelligence (+3).
   rPois:     It protects you from poison.
   *Corrode:  It may corrode you when you take damage.
   Stlth:     It makes you more stealthy.
 f - a +2 cloak of willpower (worn)
 k - a +2 buckler of fire resistance (worn)
 w - the +12 chain mail of the Hot Ocelot (worn) {Will+ Slay+2 SInv}
   (Okawaru gifted it to you on level 10 of the Dungeon)

   Slay:      It affects your accuracy & damage with ranged weapons and melee
   (+2).
   SInv:      It lets you see invisible.
   Will:      It increases your willpower.
 G - the +0 helmet of Pan-Flutes {Harm Will- Slay+3}
   (Okawaru gifted it to you on level 4 of the Lair of Beasts)

   Slay:      It affects your accuracy & damage with ranged weapons and melee
   (+3).
   Harm:      It increases damage dealt and taken.
   Will:      It decreases your willpower.
 L - a +2 helmet
 O - the +1 pair of boots of Kukhloet (worn) {Contam rF++ Will++}
   (Okawaru gifted it to you on level 1 of the Lair of Beasts)

   rF:        It greatly protects you from fire.
   Contam:    It causes magical contamination when unequipped.
   Will:      It greatly increases your willpower.
 Q - the +2 pair of gloves of Wasted Space (worn) {Harm Regen+ Str+2 SInv}
   (You found it on level 2 of the Lair of Beasts)

   Str:       It affects your strength (+2).
   SInv:      It lets you see invisible.
   Regen:     It increases your rate of health regeneration.
   Harm:      It increases damage dealt and taken.
Jewellery
 a - a ring of protection from cold
 h - a ring of protection from cold
 r - a ring of resist corrosion
 t - a +6 ring of strength (left hand)
 y - an amulet of reflection (around neck)
 M - a +4 ring of protection (right hand)
 P - a +4 ring of slaying
Scrolls
 i - 3 scrolls of immolation
 j - 10 scrolls of teleportation
 n - a scroll of enchant armour
 p - 6 scrolls of blinking
 s - 3 scrolls of enchant weapon
 v - a scroll of acquirement {unknown}
 C - 2 scrolls of magic mapping
 D - 2 scrolls of fog {unknown}
 E - 2 scrolls of noise {unknown}
 T - 3 scrolls of poison {unknown}
 W - 4 scrolls of fear
 X - a scroll of brand weapon {unknown}
Potions
 d - 2 potions of berserk rage
 g - 3 potions of lignification
 l - 3 potions of resistance
 q - 2 potions of might
 u - 2 potions of mutation {unknown}
 z - a potion of heal wounds
 A - 2 potions of invisibility {unknown}
 B - 3 potions of cancellation {unknown}
 F - 4 potions of ambrosia
 N - 2 potions of flight {unknown}
 U - a potion of haste
 Y - 6 potions of curing
Miscellaneous
 H - a condenser vane


   Skills:
 + Level 11.7 Fighting
 + Level 12.2 Long Blades
 + Level 11.3(11.4) Axes
 - Level 2.0(7.5) Maces & Flails
 + Level 10.9 Throwing
 + Level 11.7 Armour
 + Level 8.3 Dodging
 + Level 11.7 Shields


You had 15 spell levels left.
You didn't know any spells.
Your spell library contained the following spells:

 Spells                   Type           Power      Damage    Failure   Level
 Apportation              Tloc           0%         N/A       73%         1
 Freeze                   Ice            0%         1d3       73%         1
 Blink                    Tloc           0%         N/A       86%         2
 Ensorcelled Hibernation  Hex/Ice        0%         N/A       86%         2
 Lesser Beckoning         Tloc           0%         N/A       86%         2
 Momentum Strike          Conj/Tloc      0%         3d8       86%         2
 Dazzling Flash           Conj/Hex       0%         N/A       97%         3
 Frozen Ramparts          Ice            0%         1d1       97%         3
 Gell's Gravitas          Tloc           0%         N/A       97%         3
 Hailstorm                Conj/Ice       0%         3d3       97%         3
 Ignite Poison            Fire/Tmut/Pois 0%         N/A       97%         3
 Spider Form              Tmut/Pois      0%         N/A       97%         3
 Teleport Other           Tloc           0%         N/A       97%         3
 Vhi's Electric Charge    Tloc/Air       0%         N/A       97%         3
 Volatile Blastmotes      Fire/Tloc      0%         2d10      97%         3
 Anguish                  Hex/Necr       0%         N/A       100%        4
 Iskenderun's Mystic Bla  Conj/Tloc      0%         2d3       100%        4
 Sticky Flame             Conj/Fire      0%         2d3       100%        4
 Alistair's Intoxication  Tmut/Pois      0%         N/A       100%        5
 Arcjolt                  Conj/Air       0%         1d10      100%        5
 Blade Hands              Tmut           0%         N/A       100%        5
 Borgnjor's Vile Clutch   Necr/Erth      0%         N/A       100%        5
 Dispersal                Tloc           0%         N/A       100%        6
 Iron Shot                Conj/Erth      0%         9d1       100%        6
 Plasma Beam              Fire/Air       0%         2x1d11    100%        6
 Starburst                Conj/Fire      0%         6d3       100%        6
 Ignition                 Fire           0%         3d3       100%        8
 Maxwell's Capacitive Co  Air            0%         ∞         100%        8
 Animate Armour           Summ/Erth      Unusable   N/A       N/A         4
 Animate Dead             Necr           Unusable   N/A       N/A         4
 Death Channel            Necr           Unusable   N/A       N/A         6

Dungeon Overview and Level Annotations

Branches:
Dungeon (13/15)            Temple (0/1) D:7            Lair (5/5) D:11
 Shoals (4/4) Lair:3       Spider (0/4) Lair:3        Slime (0/5) Lair:5
    Orc (0/2) D:11        Ossuary (visited)         Gauntlet (visited)
 Vaults: D:13-14

Altars:
Ashenzari
Cheibriados
Dithmenos
Elyvilon
Hepliaklqana
Kikubaaqudgha
Makhleb
Okawaru
Qazlal
Trog
Uskayaw
Vehumet
Wu Jian
Yredelemnul
Zin
The Shining One
Jiyva

Shops:
D:7 :   D:8 (

Portals:
Abyss: D:6
Trove: D:10 (give 8 scrolls of blinking)

Annotations:
D:3 2 runed translucent doors, Kamelo's ghost, amateur TeAE
D:4 1 runed translucent door, Crazy Yiuf
D:6 2 transporters, loir's ghost, novice DjCj
D:12 3 runed translucent doors, Triskal's ghost, journeyman TrGl
Lair:1 1 runed translucent door, jurchenman's ghost, journeyman DEFE
Lair:5 exclusion: obsidian statue


Message History

The satyr plays a frightful melody on his pipes!
The satyr radiates an aura of fear!
You resist with almost no effort.
The merfolk siren chants a haunting song.
You resist with almost no effort. The snapping turtle misses you.
The harpy attacks as you move away! You block the harpy's attack.
The harpy misses you. You block the harpy's attack. x2
The harpy barely misses you. The harpy misses you.
The wind drake flaps its wings at you. The air twists around and strikes you.
The satyr plays a frightful melody on his pipes!
The satyr radiates an aura of fear!
You resist with almost no effort. The harpy claws you.
Your corrosive artefact corrodes you!
The harpy completely misses you.
The merfolk siren chants a haunting song.
You resist with almost no effort. You block the snapping turtle's attack.
The merfolk throws a boomerang of dispersal.
The boomerang of dispersal closely misses you.
The faun unwields a +0 club.
The faun wields a +0 sling.
The faun shoots a sling bullet.
The sling bullet barely misses you.
Something unseen breaks down the door.
The wind drake flaps its wings at you. The air twists around and strikes you.
The merfolk hits you from afar with a +0 trident!
* * * LOW HITPOINT WARNING * * *
The harpy misses you. You block the harpy's attack.
A faun comes into view. It is wielding a +0 heavy spear.
The harpy attacks as you move away! The harpy claws you but does no damage.
You block the harpy's attack.
The harpy claws you but does no damage. x2
You block the harpy's attack. The harpy barely misses you.
The wind drake flaps its wings at you. The air twists around and strikes you!!
* * * LOW HITPOINT WARNING * * *
There is a stone staircase leading up here.
The faun no longer looks unusually strong.
The harpy claws you!
* * * LOW HITPOINT WARNING * * *
You block the harpy's attack. The harpy misses you.
The harpy barely misses you.
The merfolk hits you from afar with a +0 trident!
You die...

~~~~~~~~....#'..m.k#+'#.#..~~~~≈≈
~~~~~~~~~~~~~~c.Emm#c~~~~~~~~~~≈≈
~~~~~~~~~P...kc##m##......~~~~~≈≈
~~~~~~~~~<......#'#E.....P~~~~~≈≈
~~~~~~~~.....÷.H).........<~~~~≈≈
~~~~~~~~..P.#.÷Sct....##.).~~~~≈≈
~~~~~~~~...##.mm.t..†.##...~~~≈≈≈
~~~~~~~~~......HH.........~~~≈≈≈≈
~~~~~≈~~~~PP..P.@.<....PP~~~≈≈≈≈≈
~~~~~≈≈~~~~~~~~~~~~~~~~~~~~≈≈≈≈≈≈
~~~~~≈≈≈≈≈≈≈≈≈≈≈≈≈≈≈≈≈≈≈≈≈≈≈≈≈≈≈≈
~~~~~≈≈≈≈≈≈≈≈≈≈≈≈≈≈≈≈≈≈≈≈≈≈≈≈≈≈≈≈
~~~~~≈≈≈≈≈≈≈≈≈≈≈≈≈≈≈≈≈≈≈≈≈≈≈≈≈≈≈≈
~~~~~≈≈≈≈≈≈≈≈≈≈≈≈≈≈≈≈≈≈≈≈≈≈≈≈≈≈≈~
~~~~~≈≈≈≈≈≈≈≈≈≈≈≈≈≈≈≈≈≈≈≈≈≈≈≈≈≈≈~
~~~~~≈≈≈≈≈≈≈≈≈≈≈≈≈≈≈≈≈≈≈~~~~~~~~~
~~~~~~~~~~~~~~~~~~~~~~~~~~~~~~~~~


You could see an alligator snapping turtle, a merfolk javelineer, 2 satyrs, a
sea snake, a merfolk aquamancer, a snapping turtle, a wind drake (repels
missiles), 2 merfolk, 2 fauns, a manticore, a water elemental, a merfolk siren
and 2 harpies.

Vanquished Creatures
  Nikola (Shoals:1)
  Rupert (Lair:5)
  4 dire elephants (Lair:5)
  A merfolk impaler (Shoals:2)
  A centaur warrior (Shoals:2)
  A catoblepas (Lair:4)
  7 hydras
  An alligator snapping turtle (Shoals:4)
  2 merfolk avatars
  2 merfolk aquamancers
  A boulder beetle (Lair:3)
  16 death yaks
  3 two-headed ogres (D:11)
  A sixfirhy (D:9)
  2 fire crabs (Shoals:3)
  4 skysharks
  4 sea snakes
  Lodul (D:9)
  A spectral anaconda (Lair:5)
  14 harpies
  4 necromancers (Lair:5)
  An ugly thing (D:11)
  2 cyclopes
  8 manticores
  5 merfolk sirens
  16 elephants
  An orange demon (D:9)
  3 black mambas
  Maggie (D:7)
  3 gargoyles
  15 cane toads
  6 water nymphs
  A rime drake (Lair:1)
  18 komodo dragons
  2 kobold demonologists
  2 ice devils (D:9)
  A troll (D:12)
  10 merfolk
  3 wind drakes
  3 polar bears
  24 blink frogs
  2 spectral elephants (Lair:5)
  Prince Ribbit (D:9)
  7 snapping turtles
  A centaur simulacrum (D:11)
  3 shadows
  7 water elementals
  A fire bat (Shoals:3)
  A wraith (D:11)
  3 basilisks
  5 wyverns
  45 yaks
  A neqoxec (D:8)
  A chaos spawn (D:8)
  2 death yak simulacra (Lair:5)
  8 vampire mosquitoes (D:12)
  A spectral cane toad (Lair:5)
  An acid dragon (D:12)
  Duvessa (D:4)
  14 water moccasins
  An orc warrior (D:10)
  4 black bears
  2 sky beasts
  2 ice beasts
  An elephant zombie (Lair:5)
  7 ogres
  9 wolves
  3 phantoms
  3 centaurs
  A kobold brigand (D:9)
  2 elephant skeletons (Lair:5)
  16 bullfrogs
  9 scorpions
  3 water moccasin zombies (Ossuary)
  A cane toad simulacrum (Lair:5)
  7 wights
  Dowan (D:4)
  5 killer bees (D:8)
  2 electric eels (Lair:2)
  A howler monkey (D:5)
  3 quasits
  14 jellies
  5 orc priests
  A gnoll bouda (D:10)
  A hound (D:7)
  A sleepcap (D:7)
  3 iguanas
  11 orc wizards
  2 mummies (Ossuary)
  7 gnolls
  7 adders
  A shadow imp (D:6)
  2 white imps (D:7)
  An ufetubus (D:4)
  6 adder zombies (Ossuary)
  2 dart slugs (D:3)
  29 orcs
  7 bats
  5 endoplasms
  2 giant cockroaches
  8 goblins
  7 hobgoblins
  4 jackals
  5 quokkas
  3 training dummies (D:8)
  7 ball pythons
  3 frilled lizards
  4 gnoll zombies (Ossuary)
  4 hobgoblin zombies (Ossuary)
  13 kobolds
  5 kobold zombies (Ossuary)
  4 orc zombies (Ossuary)
  5 rats
564 creatures vanquished.

Vanquished Creatures (others)
  An elephant (Lair:5)
  A merfolk siren (Shoals:1)
  A merfolk (Shoals:1)
3 creatures vanquished.

Grand Total: 567 creatures vanquished

Notes
Turn   | Place    | Note
-------+----------+-------------------------------------------
     0 | D:1      | seaoflcl the Human Fighter began the quest for the Orb.
     0 | D:1      | Reached XP level 1. HP: 18/18 MP: 1/1
   142 | D:1      | Reached XP level 2. HP: 22/24 MP: 2/2
   165 | D:1      | Reached skill level 1 in Axes
   265 | D:1      | Reached XP level 3. HP: 29/29 MP: 3/3
  1467 | D:3      | Found a radiant altar of Vehumet.
  1474 | D:3      | Reached XP level 4. HP: 35/35 MP: 4/4
  1481 | D:3      | Found a basalt altar of Yredelemnul.
  1488 | D:3      | Found an ornate altar of the Wu Jian Council.
  1490 | D:3      | Found a glowing silver altar of Zin.
  1491 | D:3      | Found a burning altar of Makhleb.
  1494 | D:3      | Found a hazy altar of Hepliaklqana.
  1499 | D:3      | Found a hide-covered altar of Uskayaw.
  1532 | D:3      | Found a runed translucent door.
  1619 | D:3      | Found a runed translucent door.
  1637 | D:3      | Found a white marble altar of Elyvilon.
  1842 | D:3      | Noticed Kamelo's ghost (amateur TeAE)
  2051 | D:3      | Reached XP level 5. HP: 24/41 MP: 5/5
  2128 | D:4      | Noticed an ogre
  2134 | D:4      | Killed an ogre
  2135 | D:4      | Reached XP level 6. HP: 48/48 MP: 6/6
  2155 | D:4      | Found a shadowy altar of Dithmenos.
  2183 | D:4      | Reached skill level 1 in Throwing
  2379 | D:4      | Noticed Dowan
  2384 | D:4      | Killed Dowan
  2398 | D:4      | Noticed Duvessa
  2406 | D:4      | Killed Duvessa
  2407 | D:4      | Reached XP level 7. HP: 31/54 MP: 7/7
  2801 | D:4      | Found an ancient bone altar of Kikubaaqudgha.
  2960 | D:4      | Found a runed translucent door.
  2961 | D:4      | Noticed Crazy Yiuf
  3003 | D:5      | Entered Level 5 of the Dungeon
  3065 | D:5      | Reached XP level 8. HP: 15/61 MP: 8/8
  3073 | D:5      | Reached skill level 5 in Axes
  3243 | D:5      | Found an iron altar of Okawaru.
  3280 | D:5      | Became a worshipper of Warmaster Okawaru
  3441 | D:5      | Reached skill level 5 in Shields
  3551 | D:5      | Identified the +1 dagger of False Accusations {drain, rN++
                  | rCorr Str+3 Int-2}
  3815 | D:5      | You fall into a shaft and drop 1 floor!
  4117 | D:6      | Reached skill level 5 in Fighting
  4117 | D:6      | Reached skill level 1 in Maces & Flails
  4209 | D:6      | Found a transporter.
  4227 | D:6      | Found a transporter.
  4250 | D:6      | Reached skill level 5 in Armour
  4344 | D:6      | Noticed a small abomination
  4411 | D:6      | Reached XP level 9. HP: 64/68 MP: 9/9
  4616 | D:6      | Reached * piety under Okawaru
  4847 | D:6      | Found a stormy altar of Qazlal.
  4971 | D:6      | Noticed loir's ghost (novice DjCj)
  4980 | D:6      | Found a one-way gate to the infinite horrors of the Abyss.
  5811 | D:7      | Noticed Maggie
  5842 | D:7      | Killed Maggie
  5842 | D:7      | Reached ** piety under Okawaru
  6176 | D:7      | Found a staircase to the Ecumenical Temple.
  6506 | D:7      | Found Ygier's Book Emporium.
  6699 | D:8      | Found a sand-covered staircase.
  6801 | Ossuary  | Entered an ossuary
  6898 | Ossuary  | Reached XP level 10. HP: 74/76 MP: 10/10
  7217 | D:8      | Found Suc Lekk's Firing Range.
  7809 | D:8      | Reached *** piety under Okawaru
  7886 | D:8      | Reached skill level 5 in Throwing
  7958 | D:8      | Found a glowing golden altar of the Shining One.
  8502 | D:9      | Found a broken altar of Ashenzari.
  8505 | D:9      | Noticed Prince Ribbit
  8521 | D:9      | Killed Prince Ribbit
  8867 | D:9      | Reached **** piety under Okawaru
  8969 | D:9      | Received a gift from Okawaru
  9068 | D:9      | Found a snail-covered altar of Cheibriados.
  9078 | D:9      | Reached XP level 11. HP: 84/84 MP: 11/11
  9606 | D:9      | Noticed a sixfirhy
  9616 | D:9      | Killed a sixfirhy
  9617 | D:9      | Reached skill level 3 in Long Blades
 10008 | D:10     | Entered Level 10 of the Dungeon
 10022 | D:9      | Received a gift from Okawaru
 10023 | D:9      | Reached skill level 4 in Long Blades
 10143 | D:10     | Noticed Lodul
 10381 | D:9      | Killed Lodul
 10381 | D:9      | Reached ***** piety under Okawaru
 10440 | D:10     | Received a gift from Okawaru
 10711 | D:10     | Reached skill level 5 in Long Blades
 10819 | D:10     | Found a bloodstained altar of Trog.
 11056 | D:10     | Found a portal to a secret trove of treasure.
 11120 | D:10     | Identified the +12 chain mail of the Hot Ocelot {Will+
                  | Slay+2 SInv} (Okawaru gifted it to you on level 10 of the
                  | Dungeon)
 11120 | D:10     | Received a gift from Okawaru
 11696 | D:11     | Noticed a manticore
 11705 | D:11     | Killed a manticore
 11762 | D:11     | Found a staircase to the Orcish Mines.
 11763 | D:11     | Noticed a two-headed ogre
 11767 | D:11     | Killed a two-headed ogre
 11768 | D:11     | Reached XP level 12. HP: 92/92 MP: 12/12
 11843 | D:11     | Found a gate leading to a gauntlet.
 11851 | Gauntlet | Entered a Gauntlet
 11851 | Gauntlet | Found a transporter.
 11851 | Gauntlet | Found a transporter.
 11852 | Gauntlet | Noticed a soul eater
 11858 | Gauntlet | Found a transporter.
 11859 | Gauntlet | Found a transporter.
 11878 | Gauntlet | Found a transporter.
 11919 | Gauntlet | Found a transporter.
 11931 | Gauntlet | Found a transporter.
 11933 | Gauntlet | Noticed a sixfirhy
 11935 | Gauntlet | Noticed a sixfirhy
 11938 | Gauntlet | Noticed a sixfirhy
 11939 | Gauntlet | Found a transporter.
 11940 | Gauntlet | Noticed a sixfirhy
 11955 | Gauntlet | Found a transporter.
 11957 | Gauntlet | Noticed a ghost crab
 11981 | Gauntlet | Found a transporter.
 11984 | Gauntlet | Found a transporter.
 12077 | Gauntlet | Found a transporter.
 12295 | D:11     | Reached skill level 6 in Long Blades
 12373 | D:11     | Noticed a two-headed ogre
 12384 | D:11     | Killed a two-headed ogre
 12385 | D:11     | Reached skill level 1 in Dodging
 12443 | D:11     | Found a staircase to the Lair.
 12644 | D:11     | Noticed a two-headed ogre
 12658 | D:11     | Killed a two-headed ogre
 12743 | D:11     | You fall into a shaft and drop 2 floors!
 13017 | D:12     | Reached skill level 7 in Long Blades
 13186 | D:12     | Noticed Triskal's ghost (journeyman TrGl)
 13214 | D:12     | Found a runed translucent gate.
 13214 | D:12     | Found a runed translucent gate.
 13214 | D:12     | Found a runed translucent gate.
 13587 | D:12     | Received a gift from Okawaru
 14312 | Lair:1   | Entered Level 1 of the Lair of Beasts
 14396 | Lair:1   | Found a runed translucent door.
 14404 | Lair:1   | Noticed jurchenman's ghost (journeyman DEFE)
 14632 | Lair:1   | Reached XP level 13. HP: 86/101 MP: 13/13
 14855 | Lair:1   | Reached skill level 8 in Long Blades
 15900 | Lair:2   | Noticed a five-headed hydra
 15977 | Lair:2   | Killed a three-headed hydra
 16354 | Lair:2   | Reached skill level 9 in Long Blades
 16800 | Lair:1   | Identified the +1 pair of boots of Kukhloet {Contam rF++
                  | Will++} (Okawaru gifted it to you on level 1 of the Lair of
                  | Beasts)
 16800 | Lair:1   | Received a gift from Okawaru
 17294 | Lair:2   | Identified the +2 pair of gloves of Wasted Space {Harm
                  | Regen+ Str+2 SInv}
 17498 | Lair:3   | Noticed a four-headed hydra
 17513 | Lair:3   | Killed a four-headed hydra
 17646 | Lair:3   | Reached ****** piety under Okawaru
 17697 | Lair:3   | Noticed an eight-headed hydra
 17706 | Lair:3   | Killed a seven-headed hydra
 17707 | Lair:3   | Reached skill level 5 in Dodging
 17808 | Lair:3   | Found a staircase to the Shoals.
 18034 | Lair:3   | Reached XP level 14. HP: 107/109 MP: 14/14
 18536 | Lair:3   | Found a hole to the Spider Nest.
 19002 | Lair:4   | Reached skill level 10 in Long Blades
 19004 | Lair:4   | Reached skill level 10 in Fighting
 19004 | Lair:4   | Reached skill level 10 in Shields
 19033 | Lair:4   | Reached skill level 10 in Armour
 19132 | Lair:4   | Received a gift from Okawaru
 19488 | Lair:4   | Identified the +0 helmet of Pan-Flutes {Harm Will- Slay+3}
                  | (Okawaru gifted it to you on level 4 of the Lair of Beasts)
 19488 | Lair:4   | Received a gift from Okawaru
 19671 | Lair:5   | Entered Level 5 of the Lair of Beasts
 19975 | Lair:5   | Reached skill level 11 in Long Blades
 20069 | Lair:5   | Found a staircase to the Slime Pits.
 20070 | Lair:5   | Found a viscous altar of Jiyva.
 20081 | Lair:5   | Reached skill level 10 in Axes
 20247 | Lair:5   | Reached XP level 15. HP: 82/117 MP: 15/15
 20325 | Lair:5   | Noticed Rupert
 20345 | Lair:5   | Killed Rupert
 20359 | Lair:5   | Received a gift from Okawaru
 20696 | Lair:5   | Received a gift from Okawaru
 20962 | Lair:5   | Reached skill level 10 in Throwing
 21483 | Lair:5   | Received a gift from Okawaru
 21848 | Shoals:1 | Entered Level 1 of the Shoals
 21926 | Shoals:1 | Noticed Nikola
 21931 | Shoals:1 | Received a gift from Okawaru
 21944 | Shoals:1 | Killed Nikola
 22066 | Shoals:1 | Identified the -2 pair of gloves of the Fife {-Cast Str+4}
 22964 | Shoals:1 | Reached XP level 16. HP: 108/125 MP: 16/16
 22971 | Shoals:2 | Noticed a kraken
 23617 | Shoals:3 | Reached skill level 12 in Long Blades
 23684 | Shoals:3 | Received a gift from Okawaru
 23756 | Shoals:3 | Received a gift from Okawaru
 23810 | Shoals:4 | Entered Level 4 of the Shoals
 23973 | Shoals:4 | Identified the +3 helmet of Hairy Happiness {*Corrode rPois
                  | Int+3 Stlth+} (Okawaru gifted it to you on level 4 of the
                  | Shoals)
 23973 | Shoals:4 | Received a gift from Okawaru
 24144 | Shoals:4 | Identified the +0 chain mail of the Eagle {rElec rN+
                  | Slay+2}
 24167 | Shoals:4 | HP: 3/127 [harpy (12)]
 24167 | Shoals:4 | Mangled by a merfolk

Illustrated notes

Levels and vault maps discovered:
D:1:      minmay_arrival_nine_rooms, layout_basic, serial_bayou,
          serial_bayou_ford_a, serial_bayou_pond_b, serial_bayou_lagoon_b,
          serial_bayou_crossing
D:2:      layout_basic, serial_corexii_hall, corexii_hall_statues_t,
          chequers_hall_statues_y
D:3:      layout_basic, elyvilon_altar_3, nicolae_overflow_hallway_of_the_gods,
          ebering_ghost_sewer_f, kennysheep_generic_room_13
D:4:      layout_basic, nicolae_kikubaaqudgha_miasma_corner,
          mainiacjoe_overflow_chevrons, minmay_quantized, uniq_duvessa,
          uniq_crazy_yiuf_cottage
D:5:      layout_loops_ring, okawaru_gym_becter
D:6:      layout_loops_corners, grunt_qazlal_clouds,
          gammafunk_ghost_abyssal_escape, kennysheep_cross_room
D:7:      layout_basic, minmay_temple_entry_wispy, serial_shops,
          nicolae_shop_hallway_stairs, uniq_maggie
D:8:      layout_loops_cross, mainiacjoe_overflow_concentric_impassable,
          nicolae_ossuary_entry_false_entrances, nicolae_shop_firing_range
D:9:      layout_roguey, mainiacjoe_overflow_small_starburst,
          old_standard_altar, serial_demonic, serial_demonic_c,
          serial_demonic_a, serial_demonic_d, serial_demonic_b,
          uniq_prince_ribbit1
D:10:     layout_gridville, trog_ov_bears_minmay, nicolae_trove_entry_isolated,
          uniq_lodul
D:11:     layout_basic, due_lair_maze_entry_diamond, orc_0_dummy,
          gauntlet_entry_generic
D:12:     layout_gridville, gammafunk_ghost_icy
D:13:     layout_cave_pools
Lair:1:   layout_chaotic_city, ebering_ghost_reflecting_pool
Lair:2:   layout_gridlike, serial_bayou, serial_bayou_pond_d,
          serial_bayou_shore_b, serial_bayou_pond_e, serial_bayou_pond_c,
          grunt_megastairs_2, infiniplex_staircase_pool
Lair:3:   layout_cave_pods, nicolae_shoals_entry_flooding,
          nicolae_spider_entry_orb_guardian, lemuel_fruit_fields
Lair:4:   layout_cellular_growth, minivault_11, chequers_serial_rivers_large_b,
          serial_bayou_shore_a
Lair:5:   due_jungle_book, layout_regular_city, minmay_slime_entry_jelly_boxes,
          uniq_rupert
Shoals:1: cheibrodos_shoals_roost, layout_shoals,
          nicolae_shoals_lost_giant_baths, uniq_nikola
Shoals:2: layout_shoals
Shoals:3: layout_shoals, hangedman_shoal_volcano
Shoals:4: shoals_end_hellmonk_lost_city

Skill      XL: |  1  2  3  4  5  6  7  8  9 10 11 12 13 14 15 16 |
---------------+-------------------------------------------------+-----
Axes           | 1 2 3 4 5 7 8 9 10 11 | 11.3
Shields        | 4 5 6 7 8 9 10 11 | 11.7
Throwing       | 1 2 3 4 5 7 8 9 10 | 10.9
Fighting       | 4 5 6 7 8 9 10 11 | 11.7
Armour         | 4 5 6 7 8 9 10 11 | 11.7
Maces & Flails | 2 |  2.0
Long Blades    | 5 7 9 11 12 | 12.2
Dodging        | 3 5 6 7 8 |  8.3

Action                     |  1- 3 |  4- 6 |  7- 9 | 10-12 | 13-15 | 16-18 || total
---------------------------+-------+-------+-------+-------+-------+-------++-------
  Melee: Hand axe          |    74 |    63 |   175 |       |       |       ||   312
         Long sword        |     1 |       |       |       |       |       ||     1
         Flail             |       |       |    47 |       |       |       ||    47
         War axe           |       |       |    94 |   537 |   618 |   205 ||  1454
         Scimitar          |       |       |       |    19 |       |       ||    19
  Throw: Dart              |       |     7 |     6 |     3 |    30 |     1 ||    47
         Boomerang         |       |     1 |     1 |     8 |       |       ||    10
         Javelin           |       |       |       |    90 |    91 |     8 ||   189
         Throwing net      |       |       |       |       |     1 |       ||     1
 Invoke: Heroism           |       |       |       |       |     4 |       ||     4
  Evoke: Wand              |       |       |       |       |       |     3 ||     3
    Use: Potion            |       |     1 |     4 |     6 |     2 |       ||    13
         Scroll            |       |       |    11 |     4 |     9 |     3 ||    27
 Armour: Scale mail        |    56 |    36 |    26 |       |       |       ||   118
         Chain mail        |       |       |   123 |   285 |   279 |   149 ||   836
         Skin              |       |       |    19 |       |       |       ||    19
  Dodge: Dodged            |    39 |    34 |    85 |   200 |   198 |   124 ||   680
  Block: Buckler           |    23 |    24 |   161 |   281 |   298 |   199 ||   986
         Reflection        |       |     1 |     4 |     3 |     3 |     1 ||    12
